Cogmind - Beta 11.1 *** ADVENTURER MODE // 2022.10.23 @ 18:19:57 Player: Fredspipa Result: Destroyed by H-71 Marshal with Heavy Mass Driver Performance ------------- Evolutions (5) 2500 Regions Visited (6) 1200 Robots Destroyed (115) 575 Value Destroyed (5177) 5177 Prototype IDs (0) 0 Alien Tech Used (0) 0 Bonus (11) 11 TOTAL SCORE: 9463 Bonus ------- High Alert Combat Kills 11 Cogmind --------- Core Integrity 0/1000 Matter 223/300 Energy 196/200 System Corruption 9% Temperature Cool (0) Movement Rolling (100) Location -5/Factory Parts ------- > --- POWER (3) -------- Light Angular Momentum Engine Micro Fission Core > --- PROPULSION (6) --- Compact Wheel Compact Wheel Compact Wheel Compact Wheel Combat Gravmag System Combat Gravmag System > --- UTILITY (5) ------ Advanced Heat Sink Large Storage Unit Improved Target Analyzer Dynamic Insulation System > --- WEAPON (3) ------- Hypervelocity Coil Gun Axe > --- INVENTORY (15) --- Compact Wheel Antigrav System Antigrav System Antigrav System Improved Heat Sink Advanced Heat Sink Advanced Heat Sink Improved Focal Shield Plasma Rifle Variable Charge Gun Heavy Machine Gun Heavy Pick Peak State ------------ > --- POWER ------------ Light Angular Momentum Engine Light Angular Momentum Engine Improved Fusion Compressor > --- PROPULSION ------- Armored Huge Wheel Armored Huge Wheel Armored Huge Wheel > --- UTILITY ---------- Advanced Heat Sink Large Storage Unit Hardened Medium Armor Plating Improved System Shield Advanced System Restoration Module > --- WEAPON ----------- Improved Arc Projector Improved Arc Projector Spear > --- INVENTORY -------- Light Angular Momentum Engine Micro Fission Core Armored Treads Advanced Heat Sink Focal Shield Drone Bay Drone Bay Improved Arc Projector Improved Arc Projector Improved Arc Projector Long-range Proton Cannon Long-range Proton Cannon Enhanced Gauss Cannon Heavy Hammer Axe [Rating: 84] Favorites ----------- Power Deuterium Engine Engine Deuterium Engine Power Core Light Nuclear Core Propulsion Improved Treads Treads Improved Treads Leg Aluminum Leg Wheel Armored Huge Wheel Hover Unit Antigrav System Utility Large Storage Unit Device Cryofiber Web Storage Large Storage Unit Processor Improved Target Analyzer Hackware Improved System Shield Protection Improved Light Armor Plating Weapon Heavy Hammer Energy Gun Improved Arc Projector Energy Cannon Improved EM Pulse Cannon Ballistic Gun Gauss Rifle Ballistic Cannon Assault Cannon Special Weapon Plasma Cutter Impact Weapon Heavy Hammer Slashing Weapon Axe Piercing Weapon Spear Build | -11 -10 -9 -8 -7 -6 -5 ------- Run | Scr Mat Mat Mat Fac Fac Fac Slots Evolved 10 | . . 2 2 2 2 2 Power 2 | . . . . 1 1 . Propulsion 4 | . . 1 1 . . 2 Utility 3 | . . . 1 1 1 . Weapon 1 | . . 1 . . . . Parts Attached 137 | 6 9 13 13 11 18 67 Power 30 | 1 1 1 2 2 7 16 Engine 19 | 1 1 1 2 1 2 11 Core 11 | . . . . 1 5 5 Reactor . | . . . . . . . Propulsion 40 | 2 3 5 4 3 5 18 Treads 19 | . 3 5 4 3 3 1 Leg 4 | 2 . . . . . 2 Wheel 10 | . . . . . 2 8 Hover 7 | . . . . . . 7 Flight . | . . . . . . . Utility 34 | 1 3 2 5 3 4 16 Device 24 | . 2 2 2 1 3 14 Storage 3 | 1 1 . 1 . . . Processor 1 | . . . . . . 1 Hackware 1 | . . . . . 1 . Protection 5 | . . . 2 2 . 1 Artifact . | . . . . . . . Weapon 33 | 2 2 5 2 3 2 17 Energy Gun 10 | 2 . . . . 1 7 Energy Cannon 4 | . . . . 1 . 3 Ballistic Gun 4 | . . 1 . 2 . 1 Ballistic Cannon 2 | . . . 1 . . 1 Launcher . | . . . . . . . Special Weapon 4 | . 1 2 . . . 1 Impact Weapon 4 | . 1 2 . . . 1 Slashing Weapon 3 | . . . 1 . . 2 Piercing Weapon 2 | . . . . . 1 1 Special Melee Weapon . | . . . . . . . Unidentified Prototypes . | . . . . . . . Parts Lost 69 | . . 6 1 1 16 45 Power 15 | . . 1 . . 5 9 Propulsion 20 | . . 2 . 1 6 11 Utility 16 | . . . 1 . 3 12 Weapon 18 | . . 3 . . 2 13 Highest Loss Streak 10 | . . 2 1 1 9 10 To Critical Strikes . | . . . . . . . Average Slot Usage (%) 87 | . 95 92 98 99 79 74 Engine 8 | . 14 11 8 11 6 4 Core 4 | . . . . 3 10 8 Treads 18 | . 11 32 35 29 11 . Leg 1 | . 16 . . . . . Wheel 3 | . . . . . 2 10 Device 13 | . 10 11 12 15 15 14 Storage 7 | . 14 11 9 7 6 5 Hackware 1 | . . . . . 5 3 Protection 2 | . . . 4 7 . 1 Energy Gun 2 | . 10 . . . 2 5 Energy Cannon 1 | . . . . 3 3 1 Ballistic Gun 3 | . . . 8 5 3 . Special Weapon 1 | . 4 9 . . . . Impact Weapon 7 | . 11 16 12 7 6 . Slashing Weapon 2 | . . . 5 1 . 3 Naked Turns . | . . . . . . . Heaviest Build 69 | 11 18 24 43 60 67 69 Greatest Support 89 | 20 40 66 89 89 86 84 Greatest Overweight (x) 17 | . . . . . 2 17 Average Overweight (x) . | . . . . . . . Largest Inventory Capacity 15 | 8 10 10 15 15 15 15 Average Capacity 13 | 6 8 10 13 15 15 15 Most Carried 15 | 4 10 10 15 15 15 15 Average Carried 10 | 2 7 7 12 14 10 10 Final Capacity 15 | 8 10 10 15 15 15 15 Final Carried 15 | 4 10 9 15 15 15 12 Class Distribution -------------------- 62% | Mutant 28% | Hacker-Mutant 5% | Scavenger-Mutant Dominant Class ---------------- Mutant | -10/Materials Mutant | -9/Materials Mutant | -8/Materials Mutant | -7/Factory Hacker-Mutant | -6/Factory Hacker-Mutant | -5/Factory Resources | -11 -10 -9 -8 -7 -6 -5 ----------- Run | Scr Mat Mat Mat Fac Fac Fac Matter Collected 1743 | 260 86 130 185 125 184 773 Remotely 76 | . 76 . . . . . Salvage Created 5003 | . 283 648 851 965 432 1824 Parts 180 | . 5 28 36 22 21 68 Haulers Intercepted . | . . . . . . . Recyclers Shooed . | . . . . . . . Parts Field Recycled . | . . . . . . . Retrieved Matter . | . . . . . . . Parts Self-Destructed . | . . . . . . . Prevented . | . . . . . . . Kills | -11 -10 -9 -8 -7 -6 -5 ------- Run | Scr Mat Mat Mat Fac Fac Fac Combat Hostiles Destroyed 105 | . 7 15 19 22 8 34 Melee 64 | . 3 9 15 10 3 24 Guns 1 | . . . . . . 1 Cannons 5 | . . . . 1 1 3 AOE 3 | . . . . . . 3 Classes Destroyed 14 | . 2 1 2 2 2 5 Worker 2 | . . . . . . 2 Builder 1 | . . . . . . 1 Recycler 1 | . . . . . . 1 Watcher 6 | . 1 3 1 . . 1 Swarmer 13 | . . . 4 2 2 5 Cutter 1 | . . . . . . 1 Grunt 54 | . 7 11 8 17 . 11 Duelist 2 | . . . . 1 . 1 Sentry 13 | . . 4 4 1 1 3 Specialist 2 | . . . . . 2 . Hunter 8 | . . . 3 . 1 4 Programmer 10 | . . . . 1 1 8 Heavy 1 | . . . . . 1 . Behemoth 1 | . . . . . . 1 Best Kill Streak 8 | . 3 4 3 3 2 8 Combat Bots Only 5 | . 3 4 3 3 3 5 Max Kills in Single Turn 2 | . 1 1 1 1 1 2 Gunslinging . | . . . . . . . Exploded 2 | . . . . . . 2 Melee 1 | . 1 1 1 1 1 1 Uniques/NPCs Destroyed . | . . . . . . . Combat | -11 -10 -9 -8 -7 -6 -5 -------- Run | Scr Mat Mat Mat Fac Fac Fac Damage Taken 10855 | . 177 937 767 1163 1874 5937 Core 1476 | . 32 59 106 106 149 1024 Absorbed by Shields 1081 | . . . 71 432 81 497 Redirected to Shielding 103 | . . . 103 . . . Regen/Repaired (Parts) 647 | . . 266 183 198 . . Core Remaining (%) 86 | 100 87 85 80 84 82 . Volleys Fired 107 | . 3 7 15 3 12 67 Largest 2 | . 1 2 1 2 2 2 Hottest 163 | . 50 40 23 97 97 163 Shots Fired 152 | . 3 11 15 6 22 95 Gun 82 | . 3 . 15 3 13 48 Cannon 59 | . . . . 3 9 47 Launcher . | . . . . . . . Special 11 | . . 11 . . . . Kinetic 58 | . . . 15 4 10 29 Thermal 31 | . 3 11 . . 3 14 Explosive . | . . . . . . . Electromagnetic 63 | . . . . 2 9 52 Robot Hit Streak 13 | . 1 8 12 3 10 13 Robot Miss Streak 5 | . 1 2 2 3 1 5 Penetration Max 1 | . . . . . . 1 Secondary Targets . | . . . . . . . Shots Hit Robots 450 | . 23 60 62 65 41 199 Core Hits 120 | . 3 10 17 13 7 70 Critical Kills 3 | . . 1 . 2 . . Critical Parts Destroyed 27 | . 3 7 4 7 4 2 Critical Strikes 53 | . 3 8 6 10 5 21 Burn 2 | . . . . . . 2 Blast 3 | . . . . . . 3 Smash 30 | . 3 8 4 9 4 2 Sever 16 | . . . 2 1 . 13 Impale 2 | . . . . . 1 1 Melee Attacks 371 | . 23 58 64 62 31 133 Impact 200 | . 23 58 27 54 21 17 Slashing 112 | . . . 37 8 . 67 Piercing 59 | . . . . . 10 49 Sneak Attacks 4 | . . 1 . 3 . . Combat Hostiles 4 | . . 1 . 3 . . Follow-up Attacks 21 | . . 5 9 1 2 4 Damage Inflicted 14570 | . 805 1815 2045 2376 1237 6292 Guns 843 | . 12 . 153 33 198 447 Cannons 1269 | . . . . 74 196 999 Explosions 708 | . . . . . . 708 Melee 11650 | . 793 1722 1892 2269 843 4131 Ramming 7 | . . . . . . 7 Kinetic 1069 | . . . 153 55 154 707 Thermal 604 | . 12 93 . . 44 455 Explosive 493 | . . . . . . 493 Electromagnetic 747 | . . . . 52 196 499 Impact 6422 | . 793 1722 750 1994 593 570 Slashing 3639 | . . . 1142 275 . 2222 Piercing 1589 | . . . . . 250 1339 Highest Corruption 9 | . 1 . . . 2 9 Average Corruption 3 | . 1 . . . 1 5 Corruption Purged 6 | . . . . . . 6 Corruption Blocked . | . . . . . . . Effects 29 | . 3 . . . 4 22 Message Errors 6 | . 1 . . . . 5 Matter Fused 9 | . 2 . . . 2 5 Heat Flow Errors 5 | . . . . . . 5 Energy Discharges 2 | . . . . . . 2 Data Loss (minor) 5 | . . . . . 1 4 Misfires 1 | . . . . . 1 . Alerts 1 | . . . . . . 1 Overload Shots . | . . . . . . . Overflow Damage 1943 | . 187 435 258 455 299 309 Projectiles 70 | . . . . 17 . 53 Explosions 90 | . . . . . . 90 Melee 1783 | . 187 435 258 438 299 166 Knockbacks 38 | . 6 7 . 7 5 13 Impact 31 | . 6 7 . 7 5 6 Kinetic 7 | . . . . . . 7 Secondary . | . . . . . . . Self-Inflicted Damage 24 | . . . . . . 24 Shots 1 | . . . . . . 1 Rammed 2 | . . . . 1 . 1 Targets Rammed 2 | . . . . 1 . 1 Kicked . | . . . . . . . Crushed . | . . . . . . . Highest Temperature 155 | . 20 . . . 98 155 Average Temperature 44 | . 11 . . . 50 46 Received Heat Transfer 2326 | . 126 573 278 455 30 864 Siege Activations . | . . . . . . . Robots Corrupted 2 | . . . . . . 2 Combat Hostiles 2 | . . . . . . 2 Parts Fried 45 | . 4 13 6 10 9 3 Impact Corruptions 76 | . 9 19 7 21 11 9 Robots Melted . | . . . . . . . Combat Hostiles . | . . . . . . . Parts Melted . | . . . . . . . Heat Transferred 1308 | . 37 321 . . 100 850 Parts Sabotaged . | . . . . . . . Parts Stolen . | . . . . . . . Parts Stripped . | . . . . . . . Power Chain Reactions 2 | . . . . . . 2 Missiles Intercepted . | . . . . . . . Alert | -11 -10 -9 -8 -7 -6 -5 ------- Run | Scr Mat Mat Mat Fac Fac Fac Peak Influence 430 | . 217 430 321 252 160 394 Initial 124 | . . 31 124 51 105 46 Average 134 | . 83 185 141 118 87 148 Maximum Alert Level 2 | . 1 2 1 1 . 1 Low Security (%) 78 | 100 89 48 80 88 100 74 Level 1 20 | . 10 43 19 11 . 25 Level 2 1 | . . 7 . . . . Level 3 . | . . . . . . . Level 4 . | . . . . . . . Level 5 . | . . . . . . . High Security . | . . . . . . . Max Security . | . . . . . . . Squads Dispatched 32 | . 1 2 3 9 7 10 Investigation 11 | . 1 2 2 3 . 3 Extermination 8 | . . . . 1 2 5 Reinforcement 7 | . . . 1 2 2 2 Assault . | . . . . . . . Garrison 6 | . . . . 3 3 . Intercept . | . . . . . . . Searches Triggered . | . . . . . . . Construction Impeded . | . . . . . . . Haulers Reinforced . | . . . . . . . Active Scanning Responses . | . . . . . . . Cargo Convoy Interrupts . | . . . . . . . Stealth | -11 -10 -9 -8 -7 -6 -5 --------- Run | Scr Mat Mat Mat Fac Fac Fac Distress Signals 8 | . . 1 4 1 . 2 Communications Jammed . | . . . . . . . Distress Signals . | . . . . . . . Times Spotted 183 | . 14 24 32 31 15 67 Peak Tracking Total 7 | . 3 5 5 5 4 7 Tactical Retreats 31 | . 4 8 2 4 5 8 Traps | -11 -10 -9 -8 -7 -6 -5 ------- Run | Scr Mat Mat Mat Fac Fac Fac Traps Triggered 6 | . 2 . 1 2 . 1 Indirectly . | . . . . . . . Trap Hack Attempts . | . . . . . . . Triggered . | . . . . . . . Disarmed . | . . . . . . . Reprogrammed . | . . . . . . . Reused . | . . . . . . . Traps Extracted . | . . . . . . . Installed . | . . . . . . . Triggered 2 | . . . . 1 . 1 Machines | -11 -10 -9 -8 -7 -6 -5 ---------- Run | Scr Mat Mat Mat Fac Fac Fac Machines Disabled 16 | . . . . . . 16 Max in Single Turn 9 | . . . . . . 9 Garrison Access 1 | . . . 1 . . . Machines Sabotaged . | . . . . . . . Garrisons Compromised . | . . . . . . . Overloaded Fab Kills . | . . . . . . . Hacking | -11 -10 -9 -8 -7 -6 -5 --------- Run | Scr Mat Mat Mat Fac Fac Fac Machines Accessed 15 | . 1 3 2 3 . 6 Terminals 5 | . . . . . . 5 Fabricators 1 | . . . . 1 . . Repair Stations 6 | . . 2 1 2 . 1 Recycling Units 2 | . 1 1 . . . . Scanalyzers . | . . . . . . . Garrison Access 1 | . . . 1 . . . Total Hacks 47 | . 1 11 9 9 . 17 Successful 29 | . 1 7 8 7 . 6 Failed 18 | . . 4 1 2 . 11 Catastrophic 1 | . . . . . . 1 Database Lockouts . | . . . . . . . Manual . | . . . . . . . Terminals 14 | . . . . . . 14 Fabricators 1 | . . . . 1 . . Repair Stations 27 | . . 8 8 8 . 3 Recycling Units 4 | . 1 3 . . . . Scanalyzers . | . . . . . . . Garrison Access 1 | . . . 1 . . . Terminal Hacks 6 | . . . . . . 6 Open DSF 2 | . . . . . . 2 Locate Traps 1 | . . . . . . 1 Recall Extermination 1 | . . . . . . 1 Recall Reinforcements 1 | . . . . . . 1 Recall Assault 1 | . . . . . . 1 Fabricator Hacks 1 | . . . . 1 . . Build 1 | . . . . 1 . . Repair Station Hacks 20 | . . 7 7 6 . . Scan Component 12 | . . 4 4 4 . . Repair 8 | . . 3 3 2 . . Recycling Unit Hacks 1 | . 1 . . . . . Retrieve Components 1 | . 1 . . . . . Scanalyzer . | . . . . . . . Garrison Access Hacks 1 | . . . 1 . . . Seal Access 1 | . . . 1 . . . Unauthorized Hacks . | . . . . . . . Terminals . | . . . . . . . Fabricators . | . . . . . . . Repair Stations . | . . . . . . . Recycling Units . | . . . . . . . Scanalyzers . | . . . . . . . Garrison Access . | . . . . . . . Data Cores Recovered . | . . . . . . . Used . | . . . . . . . Hacking Detections 11 | . . 3 1 2 . 5 Full Trace Events 9 | . . 3 1 2 . 3 Feedback Events . | . . . . . . . Feedback Blocked . | . . . . . . . Robot Schematics Acquired . | . . . . . . . Robots Built . | . . . . . . . Authchips . | . . . . . . . Time . | . . . . . . . Total Robot Build Rating . | . . . . . . . Part Schematics Acquired . | . . . . . . . Parts Built 2 | . . . . 2 . . Authchips . | . . . . . . . Time 58 | . . . . 58 . . Total Part Build Rating 14 | . . . . 14 . . Parts Repaired 8 | . . 3 3 2 . . Time 238 | . . 90 90 58 . . Parts Recycled . | . . . . . . . Recycled Matter . | . . . . . . . Retrieved Matter . | . . . . . . . Retrieved Components 1 | . 1 . . . . . Parts Scanalyzed . | . . . . . . . Part Schematics Acquired . | . . . . . . . Parts Damaged . | . . . . . . . Bothacking | -11 -10 -9 -8 -7 -6 -5 ------------ Run | Scr Mat Mat Mat Fac Fac Fac Used RIF Installer . | . . . . . . . Robots Hacked . | . . . . . . . Non-combat . | . . . . . . . Combat . | . . . . . . . Robot Hacks Applied . | . . . . . . . Relay Couplers Released . | . . . . . . . Fabnet Peak Effective % . | . . . . . . . Robots Rewired . | . . . . . . . Allies Hacked . | . . . . . . . Hacks Repelled . | . . . . . . . Allies | -11 -10 -9 -8 -7 -6 -5 -------- Run | Scr Mat Mat Mat Fac Fac Fac Total Allies . | . . . . . . . Largest Group . | . . . . . . . Highest-Rated Group . | . . . . . . . Highest-Rated Ally . | . . . . . . . Total Orders . | . . . . . . . Ally Attacks . | . . . . . . . Total Damage . | . . . . . . . Kills . | . . . . . . . Allies Corrupted . | . . . . . . . Allies Melted . | . . . . . . . Intel | -11 -10 -9 -8 -7 -6 -5 ------- Run | Scr Mat Mat Mat Fac Fac Fac Robot Analysis Total . | . . . . . . . Derelict Logs Recovered . | . . . . . . . Drone Launches 6 | . . . . . . 6 Drone Recoveries 4 | . . . . . . 4 Exploration | -11 -10 -9 -8 -7 -6 -5 ------------- Run | Scr Mat Mat Mat Fac Fac Fac Turns Passed 7966 | 108 658 1135 1370 1430 692 2573 Spaces Moved 4320 | 83 401 529 683 720 298 1606 Core 7 | 5 . . . . . 2 Treads 2285 | . 140 529 683 720 210 3 Legs 458 | 78 261 . . . . 119 Wheels 1347 | . . . . . 88 1259 Hover 223 | . . . . . . 223 Flight . | . . . . . . . Fastest Speed 50 | 50 120 160 160 160 100 52 Average Speed 142 | 115 133 160 160 160 185 117 Slowest Speed 900 | 120 160 160 160 160 320 900 Overloaded Moves . | . . . . . . . Propulsion Burnouts . | . . . . . . . Robots Hopped . | . . . . . . . Cave-ins Triggered . | . . . . . . . Exploration Rate (%) 25 | 4 44 41 34 15 5 33 Regions Visited 6 Branch Regions . Pre-discovered Areas . | . . . . . . . Known Exits Taken . | . . . . . . . Unknown Exits Taken 6 | 1 1 1 1 1 1 . Scrap Searched . | . . . . . . . Spaces Dug . | . . . . . . . Terrain Destroyed 34 | . . . . . . 34 Melee . | . . . . . . . Projectile 10 | . . . . . . 10 AOE 24 | . . . . . . 24 Terrain Rammed . | . . . . . . . Walls Destroyed . | . . . . . . . Machines Disabled . | . . . . . . . Actions | -11 -10 -9 -8 -7 -6 -5 --------- Run | Scr Mat Mat Mat Fac Fac Fac Total 5373 | 92 482 706 857 887 364 1985 Wait 316 | . 21 99 62 77 1 56 Move 4314 | 82 400 528 682 719 297 1606 Hop . | . . . . . . . Pick Up 90 | 4 14 7 19 6 7 33 Fast Attach 56 | 6 2 4 4 5 7 28 Attach 60 | . 1 7 3 3 11 35 Detach 13 | . 1 . . . 1 11 Swap 21 | . 6 2 6 3 . 4 Drop 53 | . 11 3 14 9 . 16 Fire 107 | . 3 7 15 3 12 67 Melee 341 | . 23 49 52 61 28 128 Ram 1 | . . . . . . 1 Kick . | . . . . . . . Crush 1 | . . . . 1 . . Escape Stasis . | . . . . . . . Rewire . | . . . . . . . Trap . | . . . . . . . Miscellaneous . | . . . . . . . Route ------- -11/Scrapyard -10/Materials (discovered 3 exits: *Mat x2 / [*Min]) -9/Materials (discovered 2 exits: *Mat / [*Min]) -8/Materials -7/Factory -6/Factory -5/Factory (discovered 1 exit: [*Fac]) History --------- Turn | Location | Event 12 | -11/Scrapyard | Discovered new exit (range 15) 109 | -11/Scrapyard | Entered Materials 180 | -10/Materials | Discovered new exit (range 13) 307 | -10/Materials | Discovered new exit (range 12) 330 | -10/Materials | Build established: Mutant 717 | -10/Materials | Discovered new exit (range 9) 767 | -10/Materials | Entered another Materials area 767 | -9/Materials | Evolved 2 slots: Propulsion x1, Weapon x1 1052 | -9/Materials | Discovered new exit (range 15) 1656 | -9/Materials | Repaired Hvy. Hammer 1713 | -9/Materials | Discovered new exit (range 15) 1827 | -9/Materials | Repaired Imp. Treads 1859 | -9/Materials | Repaired Lgt. Treads 1902 | -9/Materials | Entered another Materials area 1902 | -8/Materials | Evolved 2 slots: Propulsion x1, Utility x1 1994 | -8/Materials | Repaired Imp. Treads 2099 | -8/Materials | Repaired Ion Engine 2784 | -8/Materials | Repaired Imp. Treads 3152 | -8/Materials | Discovered new exit (range 13) 3272 | -8/Materials | Entered Factory 3272 | -7/Factory | Evolved 2 slots: Power x1, Utility x1 3624 | -7/Factory | Repaired Imp. Treads 3652 | -7/Factory | Repaired Lgt. Treads 3740 | -7/Factory | Garrison activated, responded to threat 4240 | -7/Factory | Fabricated Imp. Fusion Compressor? 4404 | -7/Factory | Discovered new exit (range 15) 4702 | -7/Factory | Entered another Factory area 4702 | -6/Factory | Evolved 2 slots: Power x1, Utility x1 4858 | -6/Factory | Lost 9 parts (2p4n3u) 5034 | -6/Factory | Build established: Hacker-Mutant 5053 | -6/Factory | Garrison activated, responded to threat 5106 | -6/Factory | Lost 6 parts (2p2n2w) 5326 | -6/Factory | Discovered new exit (range 11) 5394 | -6/Factory | Entered another Factory area 5394 | -5/Factory | Evolved 2 slots: Propulsion x2 5835 | -5/Factory | Spotted B-75 Beast 5927 | -5/Factory | Destroyed B-75 Beast 6111 | -5/Factory | Lost 7 parts (3p1n3u) 7091 | -5/Factory | Core integrity fell below 50% 7158 | -5/Factory | Lost 10 parts (3p1n2u4w) 7549 | -5/Factory | Core integrity fell below 20% 7589 | -5/Factory | Lost 5 parts (2n3w) 7757 | -5/Factory | Lost 3 parts (1p2n) 7881 | -5/Factory | Build established: Scavenger-Mutant 7959 | -5/Factory | Discovered new exit (range 9) 7967 | -5/Factory | Destroyed by H-71 Marshal with Heavy Mass Driver Last Messages --------------- Establishing remote squad link... No tasked extermination squads found. ALERT: Suspicious activity at Terminal F005. Dispatching Investigation squad. G-50 Soldier Lgt. Angular Momentum Engine severed. Imp. Arc Projector destroyed. G-50 Soldier destroyed. Focal Shield destroyed. G-50 Soldier Hvy. Laser severed. C-35 Carver destroyed. G-50 Soldier destroyed. Acquired Lgt. Angular Momentum Engine. Lgt. Angular Momentum Engine severed. EXIT=FOUND Acquired Lgt. Angular Momentum Engine. C-35 Carver destroyed. Penetrated by Slug. Knocked back. Acquired 10 matter. K-01 Serf collects debris. Slug penetrates Wall. Map ----- +----------------------------------------------------+ | ????? # # | | ????? # # | | ?????######+######## # # | | ?????# ""G"" ## # # | | ?????# " " "" "" ## # # | | ?????# " " ## # # | | ?????# " " ## # # | | ?????#! " " + # # | | ?????# " " ## ######### | | ?????# " " ## #??# # | | ?????# " " ## #??# # | | ?????# " " ## #??# # | | ?????# " " ## #### # | | ?????# ## + # | | ?????# #### # # | | ?????############+#??# # # | | ????????????????# ???# # # | | ????????????????# ???# # !# | | ????????????????# ???# ###### | | ???????????????## #### ##???? | | ???????????????# #???? | | ???????????????+ #???? | | ???????????????# #???? | | ???????????????## ! ###### | | ???????????????# ! k # # | | ????????????????# % %;@ # | | ???????????????##/ = * [; # | | ???????????????# =%= [[!/ " # | | ???????????????## * %H%%* " # | | ????????????????# = ##="T # | | ?????????????#! ?# "" # | | ?????????????# **??# "" # | | ?????????????# < **??# # | | ?????????????# ! *???###### | | ?????????????#######?????????? | | ?????????????????????????????? | | ?????????????????????????????? | | ?????????????????????????????? | | ?????????????????????????????? | | ?????????????????????????????? | | ?????????????????????????????? | | ?????????????????????????????? | | ?????????????????????????????? | | ?????????????????????????????? | | ?????????????????????????????? | | ?????????????????????????????? | | ?????????????????????????????? | | ?????????????????????????????? | | ?????????????????????????????? | | ?????????????????????????????? | +----------------------------------------------------+ Best States ------------- Heat Dissipation 59 Energy Generation 57 Energy Capacity 450 Matter Stores 300 Matter Capacity 300 Sight Range 16 Terrain Scan Density 10 Power Amplification 40 Base Temperature (-) 100 EM Shielding 2 Armor Coverage 225 Resistance: KI 40 Resistance: TH 20 Resistance: EX 20 Resistance: EM 20 Resistance: I 20 Resistance: S 20 Resistance: P 20 Propulsion Shielding 66 Phase Shifting 5 Evasion (%) 55 Target Analysis 6 Recoil Reduction 4 Offensive Hacking 10 Defensive Hacking 12 Item Schematics ----------------- None Robot Schematics ------------------ None Fabricated ------------ Imp. Fusion Compressor | x2 | -7/Factory | Preloaded Alien Tech Used ----------------- None Achievements -------------- Just What I Needed Challenges ------------ None Game ------ Seed CoreTransdimensionalThruster Manual? 0 Play Time 01:45:10 Cumulative 13.6 hours Start 2022.10.23 @ 16:21:53 End 2022.10.23 @ 18:19:57 Sessions 1 Manual Loads 0 Difficulty Adventurer Special Mode None Game No. 8 Rogue 0 Adventurer 8 Explorer 0 Win Type - Total 0 Types 0/0/0/0/0/0/0/0/0 Lore% 14 Gallery% 16 Achievement% 13 Wizard Run 0 Options --------- ASCII 0 Keyboard 0 Movement Arrows Keybinds 0 Fullscreen 1 Font 12/Terminus Map View 83x54 Tactical HUD 0 Map Filters NONE Filters NONE Steam 1 RUN: cf5be6ea-5f4a-4950-b868-38a9e1ee1baf